 Dungeon Crawl Stone Soup version 0.29-a0-380-gf50f0a9fbc (webtiles) character file.

Game seed: 6979506155499126431

158 Pelinal the Chiller (level 5, -3/35 HPs)
             Began as a Merfolk Ice Elementalist on May 6, 2022.
             Slain by Duvessa
             ... wielding a +4 short sword of electrocution
              (5 damage)
             ... on level 4 of the Dungeon.
             The game lasted 00:06:49 (3044 turns).

Pelinal the Chiller (Merfolk Ice Elementalist)      Turns: 3044, Time: 00:06:50

Health: -3/35      AC: 13    Str:  8    XL:     5   Next: 40%
Magic:  3/9        EV: 13    Int: 15    God:
Gold:   216        SH:  0    Dex: 16    Spells: 2/9 levels left

rFire   . . .      SeeInvis .   o - +0 spear
rCold   . . .      Faith    .   (no shield)
rNeg    . . .      Spirit   .   a - +0 robe
rPois   .          Reflect  .   (no helmet)
rElec   .          Harm     .   n - +1 cloak
rCorr   .          Rampage  .   (no gloves)
Will    .....                   c - +2 pair of boots
Stlth   ++........              (no amulet)
HPRegen 0.11/turn               (no ring)
MPRegen 0.11/turn               (no ring)

@: mighty, ice-armoured, freezing walls
A: (nimble swimmer 2), mertail
a: no special abilities


You were on level 4 of the Dungeon.
You visited 1 branch of the dungeon, and saw 4 of its levels.

You collected 216 gold pieces.

Inventory:

Hand Weapons
 e - a +0 dagger
 o - a +0 spear (weapon)
 p - a +0 dagger of draining
 q - a +0 hunting sling
Missiles
 d - 113 stones
 j - 6 silver boomerangs
Armour
 a - a +0 robe (worn)
 c - a +2 pair of boots (worn)
 n - a +1 cloak (worn)
 x - the +3 ring mail of Feasting {-Cast rF+ rC+ Dex+2}
   (You found it on level 4 of the Dungeon)

   Dex:       It affects your dexterity (+2).
   rF:        It protects you from fire.
   rC:        It protects you from cold.
   -Cast:     It prevents spellcasting.
Jewellery
 l - a ring of fire
 u - a ring of wizardry
 v - a +4 ring of protection
Wands
 s - a wand of flame (21)
Scrolls
 f - 4 scrolls of identify
 g - a scroll of enchant armour
 h - a scroll of blinking {unknown}
 m - 2 scrolls of amnesia {unknown}
Potions
 b - a potion of magic
 i - a potion of might
 k - 2 potions of curing
 r - a potion of mutation {unknown}
 t - a potion of heal wounds {unknown}
 w - a potion of attraction {unknown}


   Skills:
 - Level 2.0 Polearms
 - Level 3.0 Dodging
 - Level 3.0 Stealth
 + Level 2.9 Spellcasting
 * Level 5.9 Ice Magic


You had 2 spell levels left.
You knew the following spells:

 Your Spells              Type           Power      Damage    Failure   Level
a - Freeze                Ice            80%        1d9       1%          1
b - Frozen Ramparts       Ice            40%        1d6       5%          3
c - Ozocubu's Armour      Ice            20%        N/A       5%          3

Your spell library contained the following spells:

 Spells                   Type           Power      Damage    Failure   Level
 Static Discharge         Conj/Air       2%         N/A       30%         2
 Hailstorm                Conj/Ice       11%        3d5       52%         4
 Dispel Undead            Necr           2%         3d7       90%         4
 Sticky Flame             Conj/Fire      2%         2d3       90%         4


Dungeon Overview and Level Annotations

Branches:
Dungeon (4/15)
 Temple: D:4-7

Altars:

Annotations:
D:4 Dowan, Duvessa


Innate Abilities, Weirdness & Mutations

((You are very nimble when in or above water. (Stealth+, EV+, Speed+++)))
Your lower body shifts to a powerful aquatic tail in water.


Message History

Dowan attacks as you move away! Dowan hits you but does no damage.
As you read the scroll labelled FOZOLIVV CAYWN, it crumbles to dust.
It is a scroll of enchant armour.
Your +0 cloak glows green for a moment.
Duvessa shouts!
Dowan hits you but does no damage.
Unknown command.
Duvessa attacks as you move away!
Duvessa hits you with a +4 short sword of electrocution!
Dowan zaps a wand.
The puff of flame hits you! Duvessa attacks as you move away!
Duvessa barely misses you.
Dowan zaps a wand.
The puff of flame misses you. Duvessa attacks as you move away!
Duvessa barely misses you. Duvessa attacks as you move away!
Duvessa barely misses you. Duvessa attacks as you move away!
Duvessa hits you with a +4 short sword of electrocution.
Dowan mumbles some strange words.
Dowan blinks!
There is a large open door here.
Duvessa attacks as you move away! Duvessa hits you but does no damage.
There is a large open door here.
Casting: Freeze (safe; 1% risk of failure)
Confirm with . or Enter, or press ? or * to list all spells.
A film of ice covers your body! Duvessa hits you but does no damage.
Unknown command.
Casting: Ozocubu's Armour (dangerous; 5% risk of failure)
Confirm with . or Enter, or press ? or * to list all spells.
Casting: Frozen Ramparts (dangerous; 5% risk of failure)
Press: ? - help, Dir - look around, f - activate A large open door.
The walls around you are covered in ice.
The wall freezes Duvessa.
Duvessa hits you with a +4 short sword of electrocution.
You are electrocuted!
* * * LOW HITPOINT WARNING * * *
It was a potion of might.
You feel very mighty all of a sudden.
The wall freezes Duvessa.
Duvessa hits you with a +4 short sword of electrocution.
You die...

##### ########### ######....
#.........# #...##....
#.........#########.#.##....
#.....e...##................
######.........##................
...............##.........#.<....
...............e@................
...#..........##.........#.###..
e. #.###########.......###.###..
#.# #.......# #...... ....''#
#.......# #####.. .:.....
#.......# ### ........ #.......#
# ......... #.......# #
.......... ######### ####


You could see Duvessa and Dowan.

Vanquished Creatures
  2 orc priests (D:3)
  2 adders
  2 worms
  A dart slug (D:1)
  3 orcs (D:3)
  6 endoplasms
  3 giant cockroaches
  6 hobgoblins
  7 jackals (D:1)
  4 kobolds
  A quokka (D:1)
  6 ball pythons
  6 bats
  3 frilled lizards (D:1)
  9 goblins
  8 rats
69 creatures vanquished.

Notes
Turn   | Place    | Note
-------+----------+-------------------------------------------
     0 | D:1      | Pelinal the Merfolk Ice Elementalist began the quest for
                  | the Orb.
     0 | D:1      | Reached XP level 1. HP: 13/13 MP: 3/3
   263 | D:1      | Reached XP level 2. HP: 19/19 MP: 1/5
   517 | D:1      | Reached XP level 3. HP: 17/24 MP: 3/6
   907 | D:1      | Reached skill level 5 in Ice Magic
  1088 | D:1      | Found a faded altar of an unknown god.
  1433 | D:2      | Reached XP level 4. HP: 28/30 MP: 4/7
  1438 | D:2      | Learned a level 3 spell: Frozen Ramparts
  1442 | D:2      | Learned a level 3 spell: Ozocubu's Armour
  2027 | D:3      | Reached XP level 5. HP: 35/35 MP: 4/9
  2943 | D:4      | Identified the +3 ring mail of Feasting {-Cast rF+ rC+
                  | Dex+2}
  3020 | D:4      | Noticed Duvessa
  3028 | D:4      | Noticed Dowan
  3044 | D:4      | Slain by Duvessa

Illustrated notes

Levels and vault maps discovered:
D:1:      dpeg_arrival_rooms_with_view, layout_loops_cross,
          shapermc_ecumenical_altar_notcrosses, minmay_misc_feat_ornament,
          minmay_vboxes
D:2:      layout_rooms
D:3:      layout_loops_cross, serial_bayou_pond_d,
          nicolae_concentric_dashed_squares_mild
D:4:      layout_basic, minmay_pentomino_pile, uniq_sigmund, uniq_duvessa

Skill      XL: |  1  2  3  4 |
---------------+-------------+-----
Dodging        | 3 |  3.0
Ice Magic      | 5 |  5.9
Stealth        | 3 |  3.0
Polearms       | 2 |  2.0
Spellcasting   | |  2.9

Action                   |  1- 3 |  4- 6 || total
-------------------------+-------+-------++-------
Melee: Unarmed           |     2 |       ||     2
       Dagger            |    60 |    18 ||    78
       Punch             |     2 |     2 ||     4
       Spear             |       |    58 ||    58
       Tailslap          |       |     1 ||     1
 Cast: Freeze            |    41 |    21 ||    62
       Ozocubu's Armour  |       |     1 ||     1
       Frozen Ramparts   |       |     1 ||     1
  Use: Scroll            |     1 |     2 ||     3
       Potion            |       |     1 ||     1
 Stab: Sleeping          |     7 |     6 ||    13
Armor: Robe              |    33 |    17 ||    50
Dodge: Dodged            |    73 |    40 ||   113

Table legend: (Time is in decaauts)
 A = Elapsed time spent in this place.
 B = Non-inter-level travel time spent in this place.
 C = Inter-level travel time spent in this place.
 D = Time resting spent in this place.
 E = Time spent auto-exploring this place.
 F = Levels seen in this place.
 G = Mean time per level.
                   A        B        C        D        E       F      G
               +--------+--------+--------+--------+--------+-----+--------+
         Total |   3038 |   2976 |     62 |    140 |   2157 |   4 |  759.5 |
       Dungeon |   3038 |   2976 |     62 |    140 |   2157 |   4 |  759.5 |
               +--------+--------+--------+--------+--------+-----+--------+

Top non-repeatable levels by time:
     D:1: 1181 daAuts
     D:3: 1004 daAuts
     D:2: 592 daAuts
     D:4: 259 daAuts
